 Dungeon Crawl Stone Soup version 0.31.0-11-ge490571c62 (webtiles) character file.

Game seed: 17527042040697106659

1150 Curundu the Chopper (level 8, -2/91 HPs)
             Began as a Demonspawn Berserker on Feb 7, 2024.
             Was a Priest of Trog.
             Succumbed to Duvessa's poison
             ... on level 6 of the Dungeon.
             The game lasted 00:15:43 (4266 turns).

Curundu the Chopper (Demonspawn Berserker)          Turns: 4266, Time: 00:15:43

Health: -2/91      AC: 12    Str: 20    XL:     8   Next: 15%
Magic:  8/8        EV:  9    Int:  8    God:    Trog [***...]
Gold:   433        SH:  0    Dex: 12    Spells: 7/7 levels left

rFire   . . .        l - +0 war axe
rCold   . . .        (no shield)
rNeg    . . .        a - +0 chain mail
rPois   .            (no helmet)
rElec   .            b - +0 cloak
rCorr   .            e - +1 pair of gloves
SInv    .            (no boots)
Will    ++...        (no amulet) Stlth
                     p - ring of flight
HPRegen 1.35/turn    (no ring)
MPRegen 0.11/turn

%: no passive effects
@: berserking, lethally poisoned (-2 -> -24), strong-willed, flying,
regenerating, very quick
A: hooves 2, spiny 2, demonic magic 1
a: Renounce Religion, Berserk, Trog's Hand


You were on level 6 of the Dungeon.
You worshipped Trog.
Trog was most pleased with you.
You visited 1 branch of the dungeon, and saw 6 of its levels.

You collected 433 gold pieces.

Inventory:

Hand Weapons
 l - a +0 war axe (weapon)
Missiles
 f - 2 boomerangs (quivered)
Armour
 a - a +0 chain mail (worn)
 b - a +0 cloak (worn)
 e - a +1 pair of gloves (worn)
Jewellery
 p - a ring of flight (left hand)
Wands
 r - a wand of paralysis (4)
Scrolls
 j - 2 scrolls of teleportation
 o - a scroll of immolation
Potions
 c - 6 potions of curing
 d - a potion of enlightenment {unknown}
 g - a potion of invisibility {unknown}
 h - 2 potions of haste {unknown}
 i - 2 potions of berserk rage
 k - a potion of heal wounds {unknown}
 m - a potion of mutation {unknown}
 n - 2 potions of might {unknown}
 q - a potion of magic {unknown}


   Skills:
 + Level 4.7 Fighting
 + Level 5.3 Axes
 + Level 4.2 Armour
 * Level 3.4 Dodging
 - Level 0.1 Stealth
 * Level 2.9 Shields
 * Level 3.1 Evocations


You had 7 spell levels left.
You didn't know any spells.
Your spell library was empty.

Dungeon Overview and Level Annotations

Branches:
Dungeon (6/15)             Temple (0/1) D:5

Altars:

Shops:
D:3 *   D:4 [

Annotations:
D:6 Dowan, Duvessa


Innate Abilities, Weirdness & Mutations

You have hoof-like feet.
You are mostly covered in sharp spines.
Spells you cast may paralyse adjacent enemies.


Message History

Duvessa is lightly wounded.
You feel very sick.
Duvessa hits you with a +2 rapier of venom.
You are more poisoned.
You barely miss Duvessa. You kick Duvessa.
Duvessa is lightly wounded.
You feel very sick.
Duvessa hits you with a +2 rapier of venom.
You are more poisoned.
You barely miss Duvessa. You kick Duvessa.
Duvessa is moderately wounded.
You feel very sick.
Duvessa hits you with a +2 rapier of venom.
You are more poisoned.
You completely miss Duvessa.
Duvessa is moderately wounded.
You feel extremely sick.
Duvessa hits you with a +2 rapier of venom.
You are more poisoned.
Duvessa barely misses you.
Dowan mumbles some strange words.
Dowan blinks!
You hit Duvessa but do no damage.
Duvessa is moderately wounded.
* * * LOW HITPOINT WARNING * * *
You feel extremely sick. Duvessa hits you but does no damage.
You are lethally poisoned!
You slash Duvessa! You kick Duvessa, but do no damage.
Duvessa is heavily wounded.
* * * LOW HITPOINT WARNING * * *
You feel extremely sick.
Duvessa says, "My weaknesses are his strengths!"
Duvessa is struck by your spines.
Duvessa hits you with a +2 rapier of venom.
* * * LOW HITPOINT WARNING * * *
You are more poisoned.
A red film seems to cover your vision as you go berserk!
You feel yourself moving faster!
You feel mighty!
You die...

...... .... .e..
... #Y. #J# #e#
#@# .
######)####...
#.†..........#
###.####..#....#
#<........# ####
###.#####.#
#.>.....#
#########


You could see Duvessa, a sky beast, Dowan and a jelly.

Vanquished Creatures
  An orc warrior (D:6)
  An ice beast (D:3)
  2 black bears
  An ogre (D:5)
  A centaur (D:5)
  A phantom (D:5)
  A bullfrog (D:5)
  2 scorpions
  A bombardier beetle (D:6)
  A hound (D:5)
  5 iguanas
  An orc wizard (D:4)
  3 adders
  3 dart slugs
  4 ribbon worms (D:2)
  10 orcs
  3 endoplasms
  7 giant cockroaches
  12 hobgoblins
  8 jackals
  7 kobolds
  3 quokkas
  4 ball pythons
  6 bats
  6 frilled lizards
  15 goblins
  7 rats
116 creatures vanquished.

Notes
Turn   | Place    | Note
-------+----------+-------------------------------------------
     0 | D:1      | Curundu the Demonspawn Berserker began the quest for the
                  | Orb.
     0 | D:1      | Reached XP level 1. HP: 18/18 MP: 1/1
   163 | D:1      | Gained mutation: You are partially covered in sharp spines.
                  | [demonic ancestry]
   163 | D:1      | Reached XP level 2. HP: 24/24 MP: 2/2
   175 | D:1      | Reached skill level 3 in Axes
   759 | D:2      | Reached ** piety under Trog
   760 | D:2      | Gained mutation: You have large cloven feet. [demonic
                  | ancestry]
   760 | D:2      | Reached XP level 3. HP: 21/29 MP: 3/3
  1715 | D:3      | Reached XP level 4. HP: 37/37 MP: 4/4
  1747 | D:3      | Found Adosula's General Store.
  1911 | D:3      | Noticed an ice beast
  1924 | D:3      | Killed an ice beast
  1925 | D:3      | Reached skill level 1 in Shields
  1925 | D:3      | Gained mutation: You are mostly covered in sharp spines.
                  | [demonic ancestry]
  1925 | D:3      | Reached XP level 5. HP: 29/42 MP: 5/5
  2021 | D:3      | Found a faded altar of an unknown god.
  2241 | D:3      | Reached *** piety under Trog
  2552 | D:4      | Reached skill level 1 in Evocations
  2708 | D:4      | Noticed a black bear
  2717 | D:4      | Killed a black bear
  2718 | D:4      | Reached skill level 4 in Axes
  2718 | D:4      | Gained mutation: You have hoof-like feet. [demonic
                  | ancestry]
  2718 | D:4      | Reached XP level 6. HP: 32/48 MP: 6/6
  3002 | D:4      | Found Notwob's Armour Emporium.
  3128 | D:5      | Entered Level 5 of the Dungeon
  3170 | D:5      | Gained mutation: Spells you cast may paralyse adjacent
                  | enemies. [demonic ancestry]
  3170 | D:5      | Reached XP level 7. HP: 52/55 MP: 7/7
  3312 | D:5      | Found a staircase to the Ecumenical Temple.
  3483 | D:5      | Reached skill level 5 in Axes
  4179 | D:6      | Reached XP level 8. HP: 50/61 MP: 8/8
  4251 | D:6      | Noticed Duvessa
  4254 | D:6      | Noticed Dowan
  4265 | D:6      | HP: 3/61 [Duvessa/+2 rapier of venom (5)]
  4266 | D:6      | Succumbed to Duvessa's poison

Illustrated notes

Levels and vault maps discovered:
D:1:      beargit_arrival_greenhouse, layout_basic
D:2:      layout_basic, minmay_pentomino_v2
D:3:      layout_basic, serial_shops, shop, hellmonk_ecumenical_altar_run_dry
D:4:      layout_rooms, serial_shops, shop, amcnicky_mini_corridor_feature
D:5:      layout_basic, temple_statues
D:6:      layout_basic, uniq_duvessa, uniq_sigmund

Skill      XL: |  1  2  3  4  5  6  7  8 |
---------------+-------------------------+-----
Dodging        | 2 3 |  3.4
Axes           | 3 4 5 |  5.3
Armour         | 2 3 4 |  4.2
Fighting       | 4 |  4.7
Shields        | 1 2 |  2.9
Evocations     | 1 2 3 |  3.1
Stealth        | |  0.1

Action                     |  1- 3 |  4- 6 |  7- 9 || total
---------------------------+-------+-------+-------++-------
  Melee: Hand axe          |    98 |    58 |       ||   156
         Kick              |     8 |    19 |    21 ||    48
         War axe           |       |    17 |    48 ||    65
 Invoke: Berserk           |       |     1 |     1 ||     2
         Trog's Hand       |       |     1 |     1 ||     2
    Use: Scroll            |     4 |     5 |     1 ||    10
 Armour: Animal skin       |    19 |       |       ||    19
         Scale mail        |    36 |    58 |       ||    94
         Chain mail        |       |     8 |    54 ||    62
  Dodge: Dodged            |    54 |    39 |    26 ||   119
